 Dungeon Crawl Stone Soup version 0.28.0-1-gb440e238dd (webtiles) character file.

Game seed: 7800907709840732218

1242 tilp the Frost Mage (level 8, 37/37 HPs)
             Began as a Felid Ice Elementalist on Feb 20, 2022.
             Was a Believer of Ru.
             Quit the game on level 9 of the Dungeon.
             The game lasted 00:16:02 (12001 turns).

tilp the Frost Mage (Felid Ice Elementalist)       Turns: 12001, Time: 00:16:02

Health: 37/37      AC:  2    Str:  4    XL:     8   Next: 25%
Magic:  16/16      EV: 23    Int: 26    God:    Ru [**....]
Gold:   356        SH:  0    Dex: 24    Spells: 6/17 levels left
                                        Lives:  0   Deaths: 2

rFire   . . .      SeeInvis +     - Unarmed
rCold   . . .      Faith    .   (shield unavailable)
rNeg    . . .      Spirit   .   (armour unavailable)
rPois   .          Reflect  .   (helmet unavailable)
rElec   .          Harm     .   (cloak unavailable)
rCorr   .          Rampage  .   (gloves unavailable)
Will    +....                   (boots unavailable)
Stlth   ++++......              (no amulet)
HPRegen 0.12/turn               a - +6 ring of intelligence
MPRegen 0.15/turn               f - +6 ring of dexterity

@: quick
A: very small, claws 1, fangs 3, see invisible, speed 1, shaggy fur 2, inability
to use devices, stealthy paws, no weapons or thrown items, no armour,
multi-lived
a: Renounce Religion


You were on level 9 of the Dungeon.
You worshipped Ru.
Ru was pleased with you.
You visited 2 branches of the dungeon, and saw 10 of its levels.

You collected 356 gold pieces.

Inventory:

Jewellery
 a - a +6 ring of intelligence (left paw)
 f - a +6 ring of dexterity (right paw)
 n - a +4 ring of protection
Potions
 b - a potion of brilliance
 c - a potion of might
 d - a potion of degeneration
 e - 3 potions of resistance
 g - 2 potions of flight
 h - a potion of lignification {unknown}
 i - a potion of mutation {unknown}
 j - a potion of berserk rage {unknown}
 k - a potion of magic
 l - a potion of curing


   Skills:
 + Level 5.5 Fighting
 + Level 6.5 Dodging
 - Level 8.0 Stealth
 + Level 5.6 Unarmed Combat
 - Level 5.0 Spellcasting
 - Level 4.0 Conjurations
 - Level 8.0 Ice Magic
   Level 0.0 Evocations


You had 6 spell levels left.
You knew the following spells:

 Your Spells              Type           Power      Damage    Failure   Level
a - Freeze                Ice            100%       1d11      1%          1
b - Frozen Ramparts       Ice            96%        1d11      1%          3
c - Ozocubu's Armour      Ice            48%        N/A       1%          3
d - Hailstorm             Conj/Ice       37%        3d9       6%          4

Your spell library contained the following spells:

 Spells                   Type           Power      Damage    Failure   Level
 Pain                     Necr           24%        1d5       8%          1
 Corpse Rot               Necr/Air       12%        N/A       12%         2
 Poisonous Vapours        Pois/Air       12%        N/A       12%         2
 Scorch                   Fire           12%        2d6       12%         2
 Inner Flame              Hex/Fire       6%         N/A       22%         3
 Flame Wave               Conj/Fire      16%        2d6       32%         4
 Cause Fear               Hex            3%         N/A       58%         4
 Agony                    Necr           6%         N/A       91%         5
 Summon Cactus Giant      Summ           3%         N/A       100%        6
 Discord                  Hex            3%         N/A       100%        8
 Excruciating Wounds      Necr           Unusable   N/A       N/A         5

Dungeon Overview and Level Annotations

Branches:
Dungeon (9/15)             Temple (1/1) D:4
   Lair: D:8-11         Orc: D:9-12

Altars:
Ashenzari
Dithmenos
Fedhas
Gozag
Hepliaklqana
Kikubaaqudgha
Makhleb
Nemelex Xobeh
Okawaru
Qazlal
Ru
Sif Muna
Trog
Uskayaw
Vehumet
Wu Jian
Yredelemnul
Zin
The Shining One

Shops:
D:6 (

Annotations:
D:4 Dowan
D:8 3 runed translucent doors, exclusion: 3 meliai, NoScrollMutBadDesign's ghost, novice DDFi
D:9 exclusions: obsidian statue and two-headed ogre


Innate Abilities, Weirdness & Mutations

You have sharp claws.
You have razor-sharp teeth.
You have supernaturally acute eyesight. (SInv)
You cover ground quickly. (Speed+)
You are covered in thick fur. (AC +2)
You cannot study or use magical devices.
Your paws help you pounce on unaware monsters.
You are incapable of wielding weapons or throwing items.
You cannot wear armour.
You gain extra lives every three experience levels.


Message History

The ice beast completely resists.
The wall freezes the ice beast but does no damage.
You closely miss the ice beast.
You bite the ice beast, but do no damage.
The ice beast completely resists.
The wall freezes the ice beast but does no damage.
The ice beast misses you.
You claw the ice beast! You bite the ice beast.
The ice beast is moderately wounded.
The ice beast completely resists.
The wall freezes the ice beast but does no damage.
The ice beast completely misses you.
You scratch the ice beast but do no damage.
The ice beast is moderately wounded.
The ice beast completely resists.
The wall freezes the ice beast but does no damage.
The ice beast hits you.
* * * LOW HITPOINT WARNING * * *
The ice beast freezes you!
* * * LOW HITPOINT WARNING * * *
Okay, then.
It was a potion of degeneration.
There was something very wrong with that liquid.
You feel weakened.
You feel dopey.
You feel clumsy.
The ice beast completely resists.
The wall freezes the ice beast but does no damage.
The ice beast misses you.
Unknown command.
It was a potion of curing.
You feel better.
The ice beast completely resists.
The wall freezes the ice beast but does no damage.
The ice beast hits you.
* * * LOW HITPOINT WARNING * * *
The ice beast freezes you!
You die...
You are now level 8!
You rejoin the land of the living...
Unknown command.
Unknown command.
Unknown command.
Are you sure you want to abandon this character and quit the game? (Confirm with "yes".)

#.......# **≈≈
#....$..# **#SY
#.......#*#≈≈≈≈
#......†#≈≈≈≈≈.
#.....))Y......
####...)..........
#.........)#######
#.##......##******
#@##[.....#,,,,,,,
#.##......#,,,,,,,
#.##......#,,,,,,,
#.########*,,,,,,,
***#.# *,,,,,,,
*,,..# *,,,,,**
**,#.# *,,,,,*≈
*,### *,,,,,*≈ *,*
*,,,,,,,


There were no monsters in sight!

Vanquished Creatures
  A gargoyle (D:8)
  Grinder (D:6)
  Prince Ribbit (D:6)
  Sigmund (D:3)
  3 yaks (D:8)
  A wyvern (D:8)
  A water moccasin (D:6)
  3 orc warriors
  2 necrophages
  A sky beast (D:5)
  5 ogres
  2 centaurs
  A phantom (D:5)
  2 kobold brigands
  A wyvern zombie (D:7)
  A gnoll sergeant (D:5)
  7 scorpions
  2 water moccasin skeletons
  3 killer bees (D:8)
  A howler monkey (D:6)
  A hound (D:5)
  3 jellies (D:3)
  2 orc priests
  A centaur skeleton (D:7)
  A bullfrog skeleton (D:6)
  A gnoll shaman (D:5)
  2 iguanas
  Natasha (twice) (D:3)
  8 orc wizards
  2 killer bee zombies (D:8)
  2 hound skeletons
  Robin (D:2)
  15 gnolls
  11 adders
  2 howler monkey skeletons (D:7)
  2 shadow imps (D:7)
  An ufetubus (D:4)
  An adder skeleton (D:3)
  A worm (D:2)
  4 dart slugs
  31 orcs
  4 ball pythons (D:1)
  20 endoplasms
  5 giant cockroaches
  15 goblins
  9 hobgoblins
  11 jackals
  23 kobolds
  3 quokkas
  4 bats
  6 frilled lizards
  A rat (D:2)
235 creatures vanquished.

Vanquished Creatures (others)
  A quokka (D:9)
  2 fungi (D:3)
  9 toadstools (D:3)
12 creatures vanquished.

Grand Total: 247 creatures vanquished

Notes
Turn   | Place    | Note
-------+----------+-------------------------------------------
     0 | D:1      | tilp the Felid Ice Elementalist began the quest for the
                  | Orb.
     0 | D:1      | Reached XP level 1. HP: 7/7 MP: 4/4
   256 | D:1      | Reached XP level 2. HP: 7/11 MP: 4/6
   917 | D:1      | Found a faded altar of an unknown god.
  1169 | D:2      | Reached XP level 3. HP: 8/14 MP: 2/7
  1173 | D:2      | Learned a level 3 spell: Frozen Ramparts
  1385 | D:2      | Learned a level 3 spell: Ozocubu's Armour
  1688 | D:2      | Reached XP level 4. HP: 18/18 MP: 3/9
  2014 | D:2      | Noticed Robin
  2282 | D:2      | Reached skill level 5 in Ice Magic
  2313 | D:2      | Reached XP level 5. HP: 21/21 MP: 2/10
  2877 | D:2      | Killed Robin
  3720 | D:3      | Noticed Sigmund
  3897 | D:3      | Killed Sigmund
  3898 | D:3      | Reached skill level 1 in Fighting
  3898 | D:3      | Reached skill level 1 in Unarmed Combat
  3898 | D:3      | Gained mutation: You are covered in thick fur. (AC +2)
                  | [Felid growth]
  3898 | D:3      | Reached XP level 6. HP: 19/26 MP: 5/11
  4142 | D:3      | Reached XP level 7. HP: 24/30 MP: 5/12
  4706 | D:3      | Noticed Natasha
  4712 | D:3      | Killed Natasha
  4869 | D:3      | Noticed Natasha
  4877 | D:3      | Found a burning altar of Makhleb.
  4891 | D:3      | Killed Natasha
  5372 | D:4      | Reached skill level 5 in Stealth
  5372 | D:4      | Reached XP level 8. HP: 33/36 MP: 8/13
  5486 | D:4      | Found a staircase to the Ecumenical Temple.
  5502 | Temple   | Entered the Ecumenical Temple
  5568 | Temple   | Became a worshipper of Ru the Awakened
  5641 | D:4      | Learned a level 4 spell: Hailstorm
  5795 | D:4      | Noticed Dowan
  6221 | D:5      | Entered Level 5 of the Dungeon
  6236 | D:5      | Reached skill level 1 in Conjurations
  6848 | D:5      | Found an opulent altar of Gozag.
  7544 | D:6      | Reached XP level 9. HP: 29/39 MP: 7/16
  8199 | D:6      | Noticed Grinder
  8387 | D:6      | Noticed Prince Ribbit
  8393 | D:6      | Killed Prince Ribbit
  8401 | D:6      | Reached skill level 5 in Spellcasting
  8514 | D:6      | Reached skill level 1 in Evocations
  8713 | D:6      | Found Dalyhi's Antique Weapon Shop.
  8763 | D:6      | Found an iron altar of Okawaru.
  8763 | D:6      | Found a hide-covered altar of Uskayaw.
  8765 | D:6      | Gained mutation: You cannot study or use magical devices.
                  | [Ru sacrifice]
  8765 | D:6      | Reached * piety under Ru
  8765 | D:6      | Reached ** piety under Ru
  8772 | D:6      | Found an ancient bone altar of Kikubaaqudgha.
  8774 | D:6      | Found a broken altar of Ashenzari.
  8778 | D:6      | Found a sparkling altar of Nemelex Xobeh.
  9007 | D:6      | Killed Grinder
 10282 | D:8      | Reached skill level 5 in Dodging
 10549 | D:8      | Reached skill level 5 in Fighting
 10549 | D:8      | Reached skill level 5 in Unarmed Combat
 10550 | D:8      | Noticed a gargoyle
 10551 | D:8      | Reached XP level 10. HP: 44/44 MP: 8/18
 11608 | D:8      | Found a runed translucent gate.
 11609 | D:8      | Found a runed translucent gate.
 11609 | D:8      | Found a runed translucent gate.
 11612 | D:8      | Noticed NoScrollMutBadDesign's ghost (novice DDFi)
 11710 | D:8      | Killed a gargoyle
 11938 | D:9      | Noticed a two-headed ogre
 11948 | D:9      | Noticed an obsidian statue
 11966 | D:9      | Noticed a two-headed ogre
 11976 | D:9      | HP: 1/44 [two-headed ogre (16)]
 11976 | D:9      | Mangled by a two-headed ogre
 11977 | D:9      | Reached XP level 9. HP: -13/40 MP: 0/17
 12000 | D:9      | Mangled by an ice beast
 12001 | D:9      | Reached XP level 8. HP: -6/37 MP: 8/16
 12001 | D:9      | Quit the game

Illustrated notes

Levels and vault maps discovered:
D:1:      dpeg_arrival_tiny_e, layout_basic, shapermc_ecumenical_altar_gd
D:2:      layout_basic, wad_floor_pattern_untrapped, uniq_robin
D:3:      cheibrodos_fertilizer, layout_loops_ring, general_overflow_altar,
          uniq_sigmund, uniq_natasha
D:4:      layout_loops_ring, minmay_temple_entry_purple_smoke, uniq_duvessa
D:5:      layout_loops_ring, nicolae_overflow_crystal_walls
D:6:      layout_loops_ring, chequers_temple_overflow_minitemple, serial_shops,
          shop, uniq_grinder, uniq_prince_ribbit1
D:7:      layout_loops_cross
D:8:      layout_basic, ebering_ghost_rock_garden, roderic_lattice_a
D:9:      minmay_twisted_water, layout_basic, elyvilon_altar_4, enter_bailey_3,
          minivault_15
Temple:   nicolae_temple_x_marks_the_god

Skill      XL: |  1  2  3  4  5  6  7  8  9 10 |
---------------+-------------------------------+-----
Ice Magic      | 4 5 6 7 8 |  8.0
Spellcasting   | 3 4 5 |  5.0
Fighting       | 1 2 4 5 |  5.5
Dodging        | 3 4 5 6 |  6.5
Stealth        | 3 5 6 7 8 |  8.0
Unarmed Combat | 1 2 4 5 |  5.6
Conjurations   | 2 4 |  4.0
Evocations     | 0 |  0.0

Action                   |  1- 3 |  4- 6 |  7- 9 | 10-12 || total
-------------------------+-------+-------+-------+-------++-------
Melee: Unarmed           |    10 |    16 |   184 |     6 ||   216
       Bite              |     1 |       |    30 |     2 ||    33
       Punch             |       |     1 |    12 |       ||    13
 Cast: Freeze            |    39 |    20 |    65 |     9 ||   133
       Frozen Ramparts   |     4 |    24 |    36 |     7 ||    71
       Ozocubu's Armour  |     1 |     7 |    28 |     8 ||    44
       Hailstorm         |       |       |     5 |     5 ||    10
Invok: Sacrifice Artific |       |       |     1 |       ||     1
  Use: Scroll            |     3 |     2 |     5 |     2 ||    12
       Potion            |       |       |     4 |       ||     4
 Stab: Sleeping          |     5 |     5 |    28 |     1 ||    39
       Distracted        |       |       |     1 |       ||     1
Armor: Skin              |     2 |     1 |    27 |     1 ||    31
Dodge: Dodged            |    32 |    24 |   164 |    37 ||   257
